TOP OF THE 1ST |
Fresno State University Bulldogs batting - Pitching for UCLA Bruins : LHP Daniel McConnell
|
Pitching: LHP Daniel McConnell
|
|
Batting: RHB Tony Nowak
|
0-0: Ball 1-0: Fly out, F8 (Line Drive, 89M, EV 93.8 MPH)
|
Batting: RHB Sandy Munoz
|
0-0: Foul Ball, location: 2F 0-1: Foul Ball, location: 2F 0-2: Ball 1-2: Ball 2-2: Fly out, F9 (Flyball, 9D, EV 93.8 MPH)
|
Batting: SHB Carlton Stannard
|
0-0: Called Strike 0-1: Ball 1-1: Foul Ball, location: 2F 1-2: Foul Ball, location: 2F 1-2: Fly out, F8 (Flyball, 8RD, EV 103.1 MPH)
|
Top of the 1st over - 0 runs, 0 hits, 0 errors, 0 left on base; Fresno State University 0 - UCLA 0 |
BOTTOM OF THE 1ST |
UCLA Bruins batting - Pitching for Fresno State University Bulldogs : RHP Jesus Perales
|
Pitching: RHP Jesus Perales
|
|
Batting: LHB Young-lau Seow
|
0-0: Ball 1-0: Ball 2-0: Foul Ball, location: 2F 2-1: Called Strike 2-2: Foul Ball, location: 2F 2-2: Ground out 6-3 (Groundball, 6M, EV 85.0 MPH)
|
Batting: RHB Issac Konol
|
0-0: Foul Ball, location: 2F 0-1: Ball 1-1: Ball 2-1: Ground out 1-3 (Groundball, 13S, EV 66.2 MPH)
|
Batting: RHB Andy Knerr
|
0-0: Ball 1-0: Ball 2-0: Foul Ball, location: 2F 2-1: Ground out 6-3 (Groundball, 6, EV 91.9 MPH)
|
Bottom of the 1st over - 0 runs, 0 hits, 0 errors, 0 left on base; Fresno State University 0 - UCLA 0 |
TOP OF THE 2ND |
Fresno State University Bulldogs batting - Pitching for UCLA Bruins : LHP Daniel McConnell
|
Batting: RHB Greg Meyer
|
0-0: Ball 1-0: Ground out 4-3 (Groundball, 4S, EV 86.2 MPH)
|
Batting: LHB Brad Benanti
|
0-0: Called Strike 0-1: Foul Ball, location: 2F 0-2: Ball 1-2: Ball 2-2: SINGLE (Flyball, 8LS, EV 91.9 MPH)
|
Batting: RHB John Chapman
|
0-0: Ball 1-0: Swinging Strike 1-1: Fly out, F9 (Line Drive, 9LS, EV 89.4 MPH)
|
Batting: RHB Charles Shaw
|
0-0: Ball 1-0: Ball 2-0: Called Strike 2-1: Fly out, F6 (Popup, 6, EV 76.2 MPH)
|
Top of the 2nd over - 0 runs, 1 hit, 0 errors, 1 left on base; Fresno State University 0 - UCLA 0 |
BOTTOM OF THE 2ND |
UCLA Bruins batting - Pitching for Fresno State University Bulldogs : RHP Jesus Perales
|
Batting: RHB Ethan Krause
|
0-0: Called Strike 0-1: Called Strike 0-2: SOLO HOME RUN (Flyball, 7LD, EV 98.8 MPH), Distance : 383 ft
|
Batting: RHB Dave Spradley
|
0-0: Called Strike 0-1: Ball 1-1: Ball 2-1: Ball 3-1: Swinging Strike 3-2: Strikes out swinging
|
Batting: RHB Michael Alvarado
|
0-0: Called Strike 0-1: Ball 1-1: SINGLE (Groundball, 6MD, EV 107.5 MPH)
|
Batting: RHB Pete Devaux
|
0-0: Ball 1-0: Foul Ball, location: 2F 1-1: Ball 2-1: Foul Ball, location: 2F 2-2: Strikes out swinging
|
Batting: LHB Andy Pluskota
|
0-0: Ball 1-0: Swinging Strike 1-1: Ball 2-1: Foul Ball, location: 2F 2-2: Ball 3-2: Strikes out swinging, 2-3 out at first.
|
Bottom of the 2nd over - 1 run, 2 hits, 0 errors, 1 left on base; Fresno State University 0 - UCLA 1 |
TOP OF THE 3RD |
Fresno State University Bulldogs batting - Pitching for UCLA Bruins : LHP Daniel McConnell
|
Batting: RHB Curtis Havard
|
0-0: Ball 1-0: Ball 2-0: Called Strike 2-1: SINGLE (Line Drive, 34D, EV 97.5 MPH)
|
Batting: RHB Alexander Gadd
|
0-0: Ball 1-0: Fly out, F3 (Popup, 34S, EV 81.2 MPH)
|
Batting: RHB Tony Nowak
|
0-0: Called Strike 0-1: Ball Wild Pitch! Curtis Havard to second 1-1: Foul Ball, location: 2F 1-2: Foul Ball, location: 2F 1-2: Strikes out swinging
|
Batting: RHB Sandy Munoz
|
0-0: Called Strike 0-1: Ball 1-1: Fly out, F7 (Flyball, 7D, EV 106.2 MPH)
|
Top of the 3rd over - 0 runs, 1 hit, 0 errors, 1 left on base; Fresno State University 0 - UCLA 1 |
BOTTOM OF THE 3RD |
UCLA Bruins batting - Pitching for Fresno State University Bulldogs : RHP Jesus Perales
|
Batting: SHB Steve Fouhy
|
0-0: Ball 1-0: Ball 2-0: Ball 3-0: Called Strike 3-1: Fly out, F8 (Flyball, 8LM, EV 90.6 MPH)
|
Batting: LHB Young-lau Seow
|
0-0: Called Strike 0-1: Swinging Strike 0-2: Ball 1-2: Fly out, F8 (Flyball, 8RD, EV 98.1 MPH)
|
Batting: RHB Issac Konol
|
0-0: Ball 1-0: Ball 2-0: Called Strike 2-1: Ground out 5-3 (Groundball, 56, EV 90.0 MPH)
|
Bottom of the 3rd over - 0 runs, 0 hits, 0 errors, 0 left on base; Fresno State University 0 - UCLA 1 |
TOP OF THE 4TH |
Fresno State University Bulldogs batting - Pitching for UCLA Bruins : LHP Daniel McConnell
|
Batting: SHB Carlton Stannard
|
0-0: Called Strike 0-1: Ball 1-1: Ball 2-1: Ground out 6-3 (Groundball, 6S, EV 76.2 MPH)
|
Batting: RHB Greg Meyer
|
0-0: Ball 1-0: Foul Ball, location: 2F 1-1: Ball 2-1: Ball 3-1: Called Strike 3-2: Fly out, F8 (Flyball, 8LXD, EV 81.2 MPH)
|
Batting: LHB Brad Benanti
|
0-0: Called Strike 0-1: Called Strike 0-2: Fly out, F8 (Flyball, 78S, EV 90.0 MPH)
|
Top of the 4th over - 0 runs, 0 hits, 0 errors, 0 left on base; Fresno State University 0 - UCLA 1 |
BOTTOM OF THE 4TH |
UCLA Bruins batting - Pitching for Fresno State University Bulldogs : RHP Jesus Perales
|
Batting: RHB Andy Knerr
|
0-0: Ball 1-0: Fly out, F8 (Flyball, 8LS, EV 90.0 MPH)
|
Batting: RHB Ethan Krause
|
0-0: Fly out, F8 (Flyball, 8LXD, EV 86.2 MPH)
|
Batting: RHB Dave Spradley
|
0-0: Ground out 4-3 (Groundball, 4, EV 91.2 MPH)
|
Bottom of the 4th over - 0 runs, 0 hits, 0 errors, 0 left on base; Fresno State University 0 - UCLA 1 |
TOP OF THE 5TH |
Fresno State University Bulldogs batting - Pitching for UCLA Bruins : LHP Daniel McConnell
|
Now in RF: Scott Mullett
|
|
Batting: RHB John Chapman
|
0-0: Foul Ball, location: 2F 0-1: Ball 1-1: Ball 2-1: Foul Ball, location: 2F 2-2: Ball 3-2: Foul Ball, location: 2F 3-2: SINGLE (Line Drive, 8LS, EV 103.8 MPH)
|
Batting: RHB Charles Shaw
|
0-0: Sac Bunt to 5S - play at first, batter OUT! 5-3 John Chapman to second
|
Pinch Hitting: LHB Denis van de Kolk
|
0-0: Ground out 6-3 (Groundball, 6, EV 106.9 MPH)
|
Batting: RHB Alexander Gadd
|
0-0: Called Strike 0-1: Foul Ball, location: 2F 0-2: Strikes out swinging
|
Top of the 5th over - 0 runs, 1 hit, 0 errors, 1 left on base; Fresno State University 0 - UCLA 1 |
BOTTOM OF THE 5TH |
UCLA Bruins batting - Pitching for Fresno State University Bulldogs : RHP Jesus Perales
|
Now at C: Victor Rangel
|
|
Now at 1B: Abraham Batista
|
|
Now at 2B: Danilo Baldia
|
|
Now in CF: Wu-ti Hui
|
|
Batting: RHB Michael Alvarado
|
0-0: Called Strike 0-1: Swinging Strike 0-2: Ball 1-2: Fly out, F3 (Popup, 3SF, EV 89.4 MPH)
|
Batting: RHB Pete Devaux
|
0-0: Foul Ball, location: 2F 0-1: Foul Ball, location: 2F 0-2: Foul Ball, location: 2F 0-2: Ball 1-2: Ground out U3 (Groundball, 3, EV 81.9 MPH)
|
Batting: LHB Andy Pluskota
|
0-0: Ball 1-0: Foul Ball, location: 2F 1-1: Foul Ball, location: 2F 1-2: Ball 2-2: Foul Ball, location: 2F 2-2: Ball 3-2: Ground out 6-3 (Groundball, 6M, EV 101.2 MPH)
|
Bottom of the 5th over - 0 runs, 0 hits, 0 errors, 0 left on base; Fresno State University 0 - UCLA 1 |
TOP OF THE 6TH |
Fresno State University Bulldogs batting - Pitching for UCLA Bruins : LHP Daniel McConnell
|
Now at 1B: Mike Beck
|
|
Pinch Hitting: LHB Moktar Ame
|
0-0: Foul Ball, location: 2F 0-1: Ball 1-1: Ball 2-1: Called Strike 2-2: Foul Ball, location: 2F 2-2: Foul Ball, location: 2F 2-2: Ground out 6-3 (Groundball, 6, EV 88.1 MPH)
|
Pinch Hitting: LHB Ollie Strauss
|
0-0: Ball 1-0: Ground out 6-3 (Groundball, 6S, EV 84.4 MPH)
|
Batting: LHB Abraham Batista
|
0-0: Ball 1-0: Foul Ball, location: 2F 1-1: Foul Ball, location: 2F 1-2: Ball 2-2: Ball 3-2: Base on Balls
|
Pitching: LHP Joe Landgraff
|
|
Pinch Hitting: RHB Sinfronio Carreon
|
0-0: Swinging Strike 0-1: Called Strike 0-2: Strikes out swinging
|
Top of the 6th over - 0 runs, 0 hits, 0 errors, 1 left on base; Fresno State University 0 - UCLA 1 |
BOTTOM OF THE 6TH |
UCLA Bruins batting - Pitching for Fresno State University Bulldogs : RHP Jesus Perales
|
Pitching: RHP Brian Travaglio
|
|
Now at 3B: John Chapman
|
|
Now at SS: Sinfronio Carreon
|
|
Now in LF: Ollie Strauss
|
|
Now in CF: Moktar Ame
|
|
Now in RF: Wu-ti Hui
|
|
Batting: SHB Steve Fouhy
|
0-0: Called Strike 0-1: DOUBLE (Flyball, 8RD, EV 100.6 MPH)
|
Batting: LHB Scott Mullett
|
0-0: Swinging Strike 0-1: Ground out U3 (Groundball, 34, EV 88.8 MPH) Steve Fouhy to third
|
Batting: SHB Mike Beck
|
0-0: Called Strike 0-1: Foul Ball, location: 2F 0-2: Ball 1-2: Ball 2-2: SINGLE (Groundball, 56, EV 103.8 MPH) Steve Fouhy scores
|
Pinch Hitting: RHB Melvin Yanes
|
0-0: Grounds into double play, 4-6-3 (Groundball, 4, EV 81.9 MPH)
|
Bottom of the 6th over - 1 run, 2 hits, 0 errors, 0 left on base; Fresno State University 0 - UCLA 2 |
TOP OF THE 7TH |
Fresno State University Bulldogs batting - Pitching for UCLA Bruins : LHP Joe Landgraff
|
Pitching: RHP Carlos Rodriguez
|
|
Now in LF: Andy Pluskota
|
|
Now in CF: Melvin Yanes
|
|
Batting: RHB Justin Connor
|
0-0: SOLO HOME RUN (Flyball, 78XD, EV 109.4 MPH), Distance : 441 ft
|
Batting: RHB John Chapman
|
0-0: Ball 1-0: Foul Ball, location: 2F 1-1: Ball 2-1: Ball 3-1: Called Strike 3-2: Ground out 5-3 (Groundball, 56S, EV 84.4 MPH)
|
Batting: RHB Danilo Baldia
|
0-0: Ground out 4-3 (Groundball, 4, EV 91.2 MPH)
|
Batting: RHB Victor Rangel
|
0-0: Fly out, F9 (Flyball, 9LM, EV 88.8 MPH)
|
Top of the 7th over - 1 run, 1 hit, 0 errors, 0 left on base; Fresno State University 1 - UCLA 2 |
BOTTOM OF THE 7TH |
UCLA Bruins batting - Pitching for Fresno State University Bulldogs : RHP Brian Travaglio
|
Batting: LHB Dave Hutchison
|
0-0: Called Strike 0-1: Fly out, F8 (Line Drive, 8RD, EV 106.2 MPH)
|
Batting: RHB Dave Spradley
|
0-0: Ball 1-0: Swinging Strike 1-1: Foul Ball, location: 2F 1-2: Fly out, F7 (Flyball, 7, EV 90.0 MPH)
|
Batting: RHB Michael Alvarado
|
0-0: Ball 1-0: Fly out, F9 (Flyball, 89S, EV 91.9 MPH)
|
Bottom of the 7th over - 0 runs, 0 hits, 0 errors, 0 left on base; Fresno State University 1 - UCLA 2 |
TOP OF THE 8TH |
Fresno State University Bulldogs batting - Pitching for UCLA Bruins : RHP Carlos Rodriguez
|
Pitching: LHP Marcus Finch
|
|
Batting: RHB Wu-ti Hui
|
0-0: Ball 1-0: Foul Ball, location: 2F 1-1: Foul Ball, location: 2F 1-2: Ball 2-2: Ball 3-2: Strikes out swinging
|
Batting: LHB Moktar Ame
|
0-0: Ball 1-0: Fly out, F9 (Line Drive, 9, EV 96.9 MPH)
|
Batting: LHB Ollie Strauss
|
0-0: Ball 1-0: Called Strike 1-1: Foul Ball, location: 2F 1-2: Ball 2-2: SOLO HOME RUN (Line Drive, 9D, EV 98.8 MPH), Distance : 394 ft
|
Batting: LHB Abraham Batista
|
0-0: Foul Ball, location: 2F 0-1: Ball 1-1: Foul Ball, location: 2F 1-2: Ball 2-2: Ball 3-2: Foul Ball, location: 2F 3-2: Fly out, F8 (Flyball, 78S, EV 89.4 MPH)
|
Top of the 8th over - 1 run, 1 hit, 0 errors, 0 left on base; Fresno State University 2 - UCLA 2 |
BOTTOM OF THE 8TH |
UCLA Bruins batting - Pitching for Fresno State University Bulldogs : RHP Brian Travaglio
|
Pitching: RHP Melvin Palacios
|
|
Batting: RHB Pete Devaux
|
0-0: Called Strike 0-1: Foul Ball, location: 2F 0-2: Ball 1-2: Fly out, F7 (Flyball, 78M, EV 90.6 MPH)
|
Pinch Hitting: LHB Mark Cummings
|
0-0: Swinging Strike 0-1: Foul Ball, location: 2F 0-2: Ground out 3-1 (Groundball, 34S, EV 69.4 MPH)
|
Batting: SHB Steve Fouhy
|
0-0: Foul Ball, location: 2F 0-1: DOUBLE (Flyball, 8LD, EV 98.8 MPH)
|
Batting: LHB Scott Mullett
|
0-0: Ball 1-0: Ball 2-0: Ball 3-0: Called Strike 3-1: Ground out 4-3 (Groundball, 4, EV 81.9 MPH)
|
Bottom of the 8th over - 0 runs, 1 hit, 0 errors, 1 left on base; Fresno State University 2 - UCLA 2 |
TOP OF THE 9TH |
Fresno State University Bulldogs batting - Pitching for UCLA Bruins : LHP Marcus Finch
|
Pitching: RHP Jan Marvel
|
|
Now in LF: Melvin Yanes
|
|
Now in CF: Mark Cummings
|
|
Batting: RHB Sinfronio Carreon
|
0-0: Ball 1-0: Foul Ball, location: 2F 1-1: Swinging Strike 1-2: Strikes out swinging
|
Batting: SHB Joey Black
|
0-0: Called Strike 0-1: Ball 1-1: Foul Ball, location: 2F 1-2: Foul Ball, location: 2F 1-2: Foul Ball, location: 2F 1-2: Ball 2-2: Ball 3-2: Strikes out looking
|
Batting: RHB John Chapman
|
0-0: Foul Ball, location: 2F 0-1: Ball 1-1: SINGLE (Groundball, 6MD, EV 99.4 MPH)
|
Batting: RHB Danilo Baldia
|
0-0: Ball 1-0: 2-RUN HOME RUN (Flyball, 7D, EV 96.9 MPH), Distance : 399 ft
|
Batting: RHB Victor Rangel
|
0-0: Fly out, F8 (Flyball, 8RD, EV 95.0 MPH)
|
Top of the 9th over - 2 runs, 2 hits, 0 errors, 0 left on base; Fresno State University 4 - UCLA 2 |
BOTTOM OF THE 9TH |
UCLA Bruins batting - Pitching for Fresno State University Bulldogs : RHP Melvin Palacios
|
Pitching: RHP Antonio Levario
|
|
Batting: SHB Mike Beck
|
0-0: Called Strike 0-1: Ball 1-1: Called Strike 1-2: Strikes out swinging
|
Pinch Hitting: RHB Chris Pounders
|
0-0: Fly out, F3 (Popup, 3SF, EV 70.6 MPH)
|
Batting: LHB Dave Hutchison
|
0-0: Ground out U3 (Groundball, 3, EV 97.5 MPH)
|
Bottom of the 9th over - 0 runs, 0 hits, 0 errors, 0 left on base; Fresno State University 4 - UCLA 2 |
|